 Dungeon Crawl Stone Soup version 0.30-a0-1164-ge08a67761e (webtiles) character file.

Game seed: 434475992356246694

116 themarg the Poker (level 5, -1/43 HPs)
             Began as a Merfolk Berserker on Apr 29, 2023.
             Was a Believer of Trog.
             Slain by a gnoll
             ... wielding a +0 flail
              (4 damage)
             ... on level 3 of the Dungeon.
             The game lasted 00:04:46 (2200 turns).

themarg the Poker (Merfolk Berserker)               Turns: 2200, Time: 00:04:47

Health: -1/43      AC:  8    Str: 19    XL:     5   Next: 1%
Magic:  5/5        EV:  8    Int:  7    God:    Trog [**....]
Gold:   113        SH:  0    Dex: 13    Spells: 4/4 levels left

rFire   . . .        a - +0 spear
rCold   . . .        (no shield)
rNeg    . . .        f - +0 chain mail
rPois   .            (no helmet)
rElec   .            (no cloak)
rCorr   .            (no gloves)
SInv    .            (no boots)
Will    .....        (no amulet) Stlth
                     (no ring)
HPRegen 0.27/turn    (no ring)
MPRegen 0.09/turn

%: no passive effects
@: no status effects
A: (nimble swimmer 2), mertail
a: Renounce Religion, Berserk, Trog's Hand


You were on level 3 of the Dungeon.
You worshipped Trog.
Trog was pleased with you.
You visited 1 branch of the dungeon, and saw 3 of its levels.

You collected 113 gold pieces.

Inventory:

Hand Weapons
 a - a +0 spear (weapon)
Missiles
 g - 6 stones (quivered)
Armour
 f - a +0 chain mail (worn)
Jewellery
 k - a ring of flight
Scrolls
 b - a scroll of teleportation {unknown}
 c - 3 scrolls of amnesia
 d - a scroll of identify {unknown}
 h - a scroll of blinking {unknown}
Potions
 e - a potion of magic {unknown}
 i - a potion of resistance {unknown}
 j - a potion of cancellation {unknown}


   Skills:
 + Level 4.8 Fighting
 + Level 5.9 Polearms
 - Level 1.3 Armour
 - Level 2.6 Dodging


You had 4 spell levels left.
You didn't know any spells.
Your spell library was empty.

Dungeon Overview and Level Annotations

Branches:
Dungeon (3/15)

Altars:

Annotations:
D:2 1 runed translucent door, Crazy Yiuf
D:3 6 exclusions, Grinder


Innate Abilities, Weirdness & Mutations

((You are very nimble when in or above water. (Stealth+, EV+, Speed+++)))
Your lower body shifts to a powerful aquatic tail in water.


Message History

The gnoll is moderately wounded.
The gnoll hits you with a +0 club!
* * * LOW HITPOINT WARNING * * *
The goblin struggles against the net.
You hit the gnoll.
The gnoll is heavily wounded.
The gnoll hits you with a +0 club.
* * * LOW HITPOINT WARNING * * *
The goblin struggles against the net.
The net rips apart, and the goblin comes free!
You hit the gnoll.
You kill the gnoll!
Trog accepts your kill.
You have reached level 5!
You feel clever.
Reach: a) +0 spear
Press: ? - help, Dir - move target, f - goblin
Aim: a goblin, wielding a +0 dagger (strong, about 42% to evade your +0 spear)
You reach to attack!
You closely miss the goblin. You hit the goblin.
You kill the goblin!
Trog accepts your kill.
The gnoll shouts!
You hit the gnoll but do no damage. You punch the gnoll.
The gnoll is heavily wounded.
The gnoll hits you with a +0 flail.
* * * LOW HITPOINT WARNING * * *
You hit the gnoll.
The gnoll is heavily wounded.
The gnoll barely misses you.
You barely miss the gnoll.
The gnoll is heavily wounded.
You hit the gnoll.
The gnoll is almost dead.
The gnoll barely misses you.
You hit the gnoll.
You kill the gnoll!
Trog accepts your kill. The gnoll hits you with a +0 flail.
You die...

############## .#
#....g.......# ### #.#
#.##########g# ##.## #.# #.#
#.# #...## ##.###
#.##########.####.....####.....
#.##..g.................g......
#.# .#####g#.g@)........<.>....
#.# #...##)##...#####..... #g#
##.###)##..## #..... #.#
#..........# ###.## #.#
#..#######.# #.# #.# #..# #.#
#.# #... #.# #.# ###. #)# #.#
.. #)#


You could see a gnoll.

Vanquished Creatures
  Robin (D:3)
  2 gnolls (D:3)
  3 adders
  A worm (D:3)
  4 ball pythons
  5 endoplasms
  4 giant cockroaches
  12 goblins
  6 hobgoblins
  6 jackals (D:2)
  7 kobolds
  4 bats
  A frilled lizard (D:1)
  6 rats
62 creatures vanquished.

Vanquished Creatures (others)
  6 fungi (D:3)
  7 plants (D:3)
13 creatures vanquished.

Grand Total: 75 creatures vanquished

Notes
Turn   | Place    | Note
-------+----------+-------------------------------------------
     0 | D:1      | themarg the Merfolk Berserker began the quest for the Orb.
     0 | D:1      | Reached XP level 1. HP: 18/18 MP: 1/1
   187 | D:1      | Reached XP level 2. HP: 24/24 MP: 2/2
  1057 | D:2      | Reached XP level 3. HP: 22/30 MP: 3/3
  1132 | D:2      | Reached skill level 5 in Polearms
  1132 | D:2      | Reached ** piety under Trog
  1542 | D:2      | Found a runed translucent door.
  1543 | D:2      | Noticed Crazy Yiuf
  1907 | D:3      | Reached XP level 4. HP: 38/38 MP: 4/4
  1907 | D:3      | Noticed Grinder
  2091 | D:3      | Noticed Robin
  2186 | D:3      | Killed Robin
  2194 | D:3      | Reached XP level 5. HP: 8/43 MP: 5/5
  2196 | D:3      | HP: 2/43 [gnoll/+0 flail (6)]
  2200 | D:3      | Slain by a gnoll

Illustrated notes

Levels and vault maps discovered:
D:1:      moated_graveyard_arrival, layout_basic
D:2:      layout_basic, glass_columns_b, interstate_on_off,
          wad_floor_pattern_untrapped, uniq_crazy_yiuf_cottage
D:3:      layout_loops_ring, gup_sewer_entry_spiral,
          shapermc_ecumenical_altar_mp_urbaneastern, uniq_grinder, uniq_jessica,
          uniq_robin

Skill      XL: |  1  2  3 |
---------------+----------+-----
Fighting       | 4 |  4.8
Polearms       | 5 |  5.9
Armour         | |  1.3
Dodging        | |  2.6

Action                     |  1- 3 |  4- 6 || total
---------------------------+-------+-------++-------
  Melee: Spear             |   164 |    92 ||   256
         Punch             |       |     2 ||     2
 Invoke: Trog's Hand       |       |     1 ||     1
    Use: Scroll            |     1 |       ||     1
   Stab: Sleeping          |     1 |       ||     1
 Armour: Chain mail        |    57 |    40 ||    97
         Animal skin       |     2 |       ||     2
  Dodge: Dodged            |    53 |    27 ||    80

Table legend: (Time is in decaauts)
 A = Elapsed time spent in this place.
 B = Non-inter-level travel time spent in this place.
 C = Inter-level travel time spent in this place.
 D = Time resting spent in this place.
 E = Time spent auto-exploring this place.
 F = Levels seen in this place.
 G = Mean time per level.
                   A        B        C        D        E       F      G
               +--------+--------+--------+--------+--------+-----+--------+
         Total |   2159 |   2084 |     75 |      0 |   1545 |   3 |  719.7 |
       Dungeon |   2159 |   2084 |     75 |      0 |   1545 |   3 |  719.7 |
               +--------+--------+--------+--------+--------+-----+--------+

Top non-repeatable levels by time:
     D:1: 993 daAuts
     D:2: 897 daAuts
     D:3: 268 daAuts
